 Dungeon Crawl Stone Soup version 0.29.1-1-gd02db6906a (webtiles) character file.

Game seed: 13963225355932347580

12077 Icepheonix32 the Slicer (level 11, -5/84 HPs)
             Began as a Minotaur Fighter on Oct 6, 2022.
             Was a Priest of Hepliaklqana.
             Killed by divine providence
             ... invoked by an orc priest
              (15 damage)
             ... on level 11 of the Dungeon.
             The game lasted 00:17:20 (10570 turns).

Icepheonix32 the Slicer (Minotaur Fighter)         Turns: 10570, Time: 00:17:21

Health: -5/84      AC: 27    Str: 30    XL:     11   Next: 57%
Magic:  14/14      EV: 13    Int:  7    God:    Hepliaklqana [***...]
Gold:   108        SH:  6    Dex: 16    Spells: 10/10 levels left

rFire   . . .      SeeInvis +   z - +9 short sword "Jullom" {protect, *Rage Str+9 Dex+4 SInv}
rCold   . . .      Faith    .   c - +0 buckler
rNeg    . . .      Spirit   .   D - +2 scale mail of New Discoveries {Harm rCorr}
rPois   .          Reflect  .   (helmet restricted)
rElec   +          Harm     +   w - +0 cloak
rCorr   +          Rampage  .   i - +1 pair of gloves
Will    .....      Clarity  +   (no boots)
Stlth   +.........              v - amulet of the acrobat
HPRegen 0.24/turn               f - +4 ring of protection
MPRegen 0.14/turn               x - +4 ring of protection

@: under a protective aura
A: reduced essence, horns 2, retaliatory headbutt, clarity, deformed body,
shaggy fur 1, electricity resistance, MP-powered wands
a: Renounce Religion, Recall Ancestor, Ancestor Identity, Transference


You were on level 11 of the Dungeon.
You worshipped Hepliaklqana.
Hepliaklqana was most pleased with you.
You visited 2 branches of the dungeon, and saw 12 of its levels.

You collected 594 gold pieces.
You spent 486 gold pieces at shops.

Inventory:

Hand Weapons
 z - the +9 short sword "Jullom" (weapon) {protect, *Rage Str+9 Dex+4 SInv}
   (You took it off an orc on level 5 of the Dungeon)

   It grants its wielder temporary protection when it strikes (+7 to AC).
   Str:       It affects your strength (+9).
   Dex:       It affects your dexterity (+4).
   SInv:      It lets you see invisible.
   *Rage:     It berserks you when you make melee attacks (+20% chance).
 F - a +4 short sword
 L - the +5 short sword of Unpleasantness {freeze, rElec rPois Int+2}
   (You found it on level 8 of the Dungeon)

   It freezes those it strikes, dealing additional cold damage.
   It can also slow down cold-blooded creatures.
   Int:       It affects your intelligence (+2).
   rElec:     It insulates you from electricity.
   rPois:     It protects you from poison.
 T - a +1 vampiric short sword
Missiles
 g - a throwing net (quivered)
 y - 3 boomerangs
Armour
 a - the +4 scale mail "Misale" {rF- rC+++ rCorr Str-3}
   (You bought it in a shop on level 5 of the Dungeon)

   Str:       It affects your strength (-3).
   rF:        It makes you vulnerable to fire.
   rC:        It renders you almost immune to cold.
   rCorr:     It protects you from acid and corrosion.
 c - a +0 buckler (worn)
 i - a +1 pair of gloves (worn)
 t - +0 acid dragon scales
 w - a +0 cloak (worn)
 D - the +2 scale mail of New Discoveries (worn) {Harm rCorr}
   (You bought it in a shop on level 5 of the Dungeon)

   rCorr:     It protects you from acid and corrosion.
   Harm:      It increases damage dealt and taken.
Magical Staves
 l - a staff of death
Jewellery
 f - a +4 ring of protection (left hand)
 v - an amulet of the acrobat (around neck)
 x - a +4 ring of protection (right hand)
 A - a ring of fire
 B - a ring of positive energy
 I - a ring of ice
 K - a ring of resist corrosion
 M - a ring of magical power
 P - a +4 ring of protection
Wands
 q - a wand of flame (35)
 u - a wand of roots (2)
 J - a wand of mindburst (18)
 N - a wand of digging (5)
 U - a wand of quicksilver (3)
Scrolls
 b - a scroll of butterflies
 d - a scroll of enchant weapon
 k - a scroll of blinking
 n - a scroll of enchant armour {unknown}
 o - 4 scrolls of teleportation
 C - 4 scrolls of poison
 E - a scroll of summoning
 G - a scroll of vulnerability
 O - a scroll of fear
 Q - a scroll of identify
Potions
 e - a potion of cancellation
 h - 2 potions of attraction
 j - 11 potions of curing
 p - a potion of haste
 r - 3 potions of flight
 s - 2 potions of invisibility
 H - a potion of resistance
 R - 2 potions of might
 S - a potion of lignification


   Skills:
 + Level 8.0 Fighting
 * Level 11.2 Short Blades
 - Level 5.8(6.6) Axes
 - Level 4.8(6.1) Maces & Flails
 + Level 10.2 Armour
 + Level 5.7 Dodging
 + Level 3.2 Stealth
 + Level 6.4 Shields
 * Level 6.3 Invocations
 + Level 0.1 Evocations


You had 10 spell levels left.
You didn't know any spells.
Your spell library contained the following spells:

 Spells                   Type           Power      Damage    Failure   Level
 Ensorcelled Hibernation  Hex/Ice        0%         N/A       85%         2
 Spider Form              Tmut/Pois      0%         N/A       97%         3
 Tukima's Dance           Hex            0%         N/A       97%         3
 Anguish                  Hex/Necr       0%         N/A       100%        4
 Passage of Golubria      Tloc           0%         N/A       100%        4
 Yara's Violent Unravell  Hex/Tmut       0%         3d3       100%        5


Dungeon Overview and Level Annotations

Branches:
Dungeon (11/15)            Temple (1/1) D:5            Lair (0/5) D:8
    Orc: D:9-12

Altars:
Ashenzari
Cheibriados
Dithmenos
Elyvilon
Fedhas
Gozag
Hepliaklqana
Kikubaaqudgha
Makhleb
Nemelex Xobeh
Okawaru
Qazlal
Ru
Sif Muna
Trog
Uskayaw
Vehumet
Wu Jian
Xom
Yredelemnul
Zin
The Shining One

Shops:
D:5 [   D:10 :


Innate Abilities, Weirdness & Mutations

Your life essence is reduced to manifest your ancestor. (-10% HP)
You have a pair of horns on your head.
You reflexively headbutt those who attack you in melee.
You possess an exceptional clarity of mind.
Armour fits poorly on your strangely shaped body.
You are covered in fur. (AC +1)
You are resistant to electric shocks. (rElec)
You expend magic power (3 MP) to strengthen your wands.


Message History

The boulder beetle is moderately wounded.
The boulder beetle bites you.
Servia misses the orc warrior.
Unknown command.
You barely miss the boulder beetle. You headbutt the boulder beetle!
The boulder beetle is heavily wounded.
You block the orc priest's attack. You block the orc warrior's attack.
Servia casts a spell at the orc warrior.
The orc warrior seems to slow down.
The boulder beetle bites you!!
* * * LOW HITPOINT WARNING * * *
Unknown command.
Unknown command.
You hit the orc warrior. You headbutt the orc warrior.
You kill the orc warrior!
The orc priest closely misses you.
Unknown command.
Okay, then.
You swap places.
Servia hits the boulder beetle but does no damage.
The boulder beetle barely misses Servia.
Servia hits the boulder beetle but does no damage.
The orc priest barely misses Servia.
The troll bites Servia.
The troll claws Servia! x2
Things that are here:
a +0 short sword; a +0 leather armour; an orc corpse Servia hits the troll with a +0 dagger of draining.
Servia hits the troll with a +0 dagger of draining!
Servia drains the troll.
The orc priest calls down the wrath of Beogh upon you.
Beogh smites you!
* * * LOW HITPOINT WARNING * * *
The troll misses Servia.
The troll closely misses Servia.
The troll claws Servia!
Unknown command.
You feel much better.
Servia completely misses the troll.
The boulder beetle bites you!!
* * * LOW HITPOINT WARNING * * *
Servia hits the troll with a +0 dagger of draining.
The orc priest mumbles some strange prayers to Beogh against you.
Beogh smites you!
You die...

#..# #...# #..# #...#
#..# #...# #..# #...#
#..# #...# # #..# #...#
####.#####..#######...###
.......)@...............!
#..)..)RB######..###(..##
#.....o)T# #..# #...#
#........# #..# #...#
#........# #..# #...#
#........# #..# #...#
#........# #..# #...#
#........# #..# #...#
#........# #..# #...#


You could see the friendly Servia the hexer, a boulder beetle, a troll (drained,
ally target) and an orc priest.

Vanquished Creatures
  Josephine (D:10)
  A cyclops (D:11)
  A gargoyle (D:10)
  Maggie (D:8)
  2 unseen horrors
  A troll (D:10)
  Grinder (D:6)
  A shadow (D:10)
  A vampire (D:11)
  10 yaks (D:10)
  6 wraiths (D:10)
  A human (shapeshifter) (D:9)
  A steam dragon (D:7)
  6 vampire mosquitoes
  Eustachio (D:6)
  5 orc warriors
  2 sky beasts (D:6)
  3 ice beasts
  2 ogres
  4 centaurs
  2 phantoms
  2 bullfrogs
  6 kobold brigands
  13 scorpions
  A water moccasin zombie (D:6)
  A wyvern zombie (D:6)
  19 wights
  9 killer bees
  3 bullfrog zombies (D:6)
  An electric eel (D:10)
  A howler monkey (D:5)
  A centaur zombie (D:6)
  A crimson imp (D:3)
  2 hounds
  4 orc priests
  2 jellies
  7 iguanas
  Natasha (thrice) (D:3)
  7 orc wizards
  A howler monkey zombie (D:6)
  11 adders
  2 shadow imps
  3 white imps
  3 ufetubi
  A worm (D:2)
  A dart slug (D:1)
  25 orcs
  5 bats
  3 endoplasms
  6 giant cockroaches
  5 goblins
  8 hobgoblins
  9 jackals
  A quokka (D:1)
  5 ball pythons
  A frilled lizard (D:2)
  22 kobolds
  3 rats (D:1)
251 creatures vanquished.

Vanquished Creatures (collateral kills)
  A vampire mosquito (D:8)
  A bullfrog (D:9)
  A wight (D:9)
  2 orc wizards
  4 orcs
  5 kobolds
  3 butterflies (D:8)
17 creatures vanquished.

Vanquished Creatures (others)
  An ancestor (D:8)
  A hexer (D:10)
  An orc (D:10)
  A plant (D:1)
4 creatures vanquished.

Grand Total: 272 creatures vanquished

Notes
Turn   | Place    | Note
-------+----------+-------------------------------------------
     0 | D:1      | Icepheonix32 the Minotaur Fighter began the quest for the
                  | Orb.
     0 | D:1      | Reached XP level 1. HP: 19/19 MP: 0/0
   297 | D:1      | Reached XP level 2. HP: 27/27 MP: 1/1
   772 | D:2      | Reached XP level 3. HP: 28/33 MP: 2/2
  1072 | D:2      | Reached XP level 4. HP: 14/40 MP: 3/3
  1655 | D:3      | Noticed Natasha
  1662 | D:3      | Killed Natasha
  1738 | D:3      | Noticed Natasha
  1744 | D:3      | Killed Natasha
  1745 | D:3      | Reached skill level 5 in Armour
  1753 | D:3      | Reached skill level 1 in Dodging
  1997 | D:3      | Noticed Natasha
  2001 | D:3      | Killed Natasha
  2002 | D:3      | Reached XP level 5. HP: 38/46 MP: 4/4
  2119 | D:3      | Found a faded altar of an unknown god.
  2351 | D:3      | Found a shimmering altar of Xom.
  2351 | D:3      | Found a burning altar of Makhleb.
  2677 | D:4      | Reached skill level 5 in Axes
  2840 | D:4      | Noticed an ice beast
  2846 | D:4      | Killed an ice beast
  2847 | D:4      | Reached XP level 6. HP: 53/53 MP: 5/5
  2980 | D:4      | Found an ornate altar of the Wu Jian Council.
  3378 | D:4      | Found a bloodstained altar of Trog.
  3792 | D:4      | Reached XP level 7. HP: 28/60 MP: 6/6
  4139 | D:4      | Reached skill level 1 in Maces & Flails
  4298 | D:5      | Entered Level 5 of the Dungeon
  4298 | D:5      | Found Ytyrphiurph's Antique Armour Shop.
  4553 | D:5      | Reached skill level 5 in Fighting
  4734 | D:5      | Reached XP level 8. HP: 53/68 MP: 7/7
  5014 | D:5      | Identified the +9 short sword "Jullom" {protect, *Rage
                  | Str+9 Dex+4 SInv}
  5030 | D:5      | Found a staircase to the Ecumenical Temple.
  5051 | Temple   | Entered the Ecumenical Temple
  5177 | Temple   | Became a worshipper of Hepliaklqana the Forgotten
  5736 | D:5      | Bought a twisted scale mail for 243 gold pieces
  5736 | D:5      | Identified the +2 scale mail of New Discoveries {Harm
                  | rCorr} (You bought it in a shop on level 5 of the Dungeon)
  5750 | D:6      | Found a blossoming altar of Fedhas.
  5785 | D:6      | Reached skill level 1 in Short Blades
  5838 | D:6      | Reached skill level 2 in Short Blades
  5860 | D:6      | Reached skill level 1 in Invocations
  5867 | D:6      | Reached skill level 1 in Stealth
  6083 | D:6      | Noticed Eustachio
  6088 | D:6      | Killed Eustachio
  6089 | D:6      | Reached XP level 9. HP: 75/75 MP: 10/10
  6097 | D:6      | Noticed Grinder
  6097 | D:6      | Noticed an unseen horror
  6105 | D:6      | Killed an unseen horror
  6106 | D:6      | Reached skill level 3 in Short Blades
  6112 | D:6      | Killed Grinder
  6256 | D:6      | Reached skill level 4 in Short Blades
  6256 | D:6      | Found a basalt altar of Yredelemnul.
  6397 | D:6      | Found a broken altar of Ashenzari.
  6574 | D:7      | Reached * piety under Hepliaklqana
  6644 | D:7      | Reached skill level 5 in Short Blades
  7162 | D:7      | Reached skill level 6 in Short Blades
  7222 | D:7      | Reached skill level 5 in Shields
  7693 | D:8      | Reached skill level 7 in Short Blades
  7693 | D:8      | Reached XP level 10. HP: 75/75 MP: 12/12
  7784 | D:8      | Found a staircase to the Lair.
  7883 | D:8      | Found a runed translucent door.
  7885 | D:8      | Found a runed translucent door.
  7933 | D:8      | Identified the +5 short sword of Unpleasantness {freeze,
                  | rElec rPois Int+2}
  7991 | D:8      | Noticed Maggie
  8002 | D:8      | Killed Maggie
  8003 | D:8      | Reached skill level 8 in Short Blades
  8068 | D:8      | Reached ** piety under Hepliaklqana
  8078 | D:8      | Remembered your ancestor Servia as a hexer
  8407 | D:9      | Reached skill level 5 in Invocations
  8487 | D:9      | Identified the +1 robe of the Hills {rN+ rCorr}
  8706 | D:9      | Reached skill level 9 in Short Blades
  8706 | D:9      | Reached skill level 5 in Dodging
  8780 | D:9      | Found an ancient bone altar of Kikubaaqudgha.
  8797 | D:9      | Found a glowing golden altar of the Shining One.
  8797 | D:9      | Found a shadowy altar of Dithmenos.
  8800 | D:9      | Found a snail-covered altar of Cheibriados.
  8991 | D:10     | Entered Level 10 of the Dungeon
  8999 | D:10     | Reached skill level 10 in Armour
  9084 | D:10     | Found Zystreo's Book Emporium.
  9089 | D:10     | Reached XP level 11. HP: 82/82 MP: 14/14
  9095 | D:10     | Reached skill level 10 in Short Blades
  9174 | D:10     | Noticed a +0 spear
  9174 | D:10     | Noticed a +0 spear
  9174 | D:10     | Noticed a +0 dagger
  9175 | D:10     | Noticed a +0 falchion
  9175 | D:10     | Noticed a +0 dagger
  9176 | D:10     | Noticed a +0 falchion
  9177 | D:10     | Noticed a +0 short sword
  9177 | D:10     | Noticed a +0 short sword
  9188 | D:10     | Found a hide-covered altar of Uskayaw.
  9429 | D:10     | Noticed Josephine
  9462 | D:10     | Killed Josephine
  9769 | D:10     | Gained mutation: Your flesh is cold resistant. (rC+)
                  | [potion of mutation]
  9769 | D:10     | Gained mutation: You possess an exceptional clarity of
                  | mind. [potion of mutation]
  9769 | D:10     | Gained mutation: Armour fits poorly on your strangely
                  | shaped body. [potion of mutation]
  9769 | D:10     | Gained mutation: You passively map a small area around you.
                  | [potion of mutation]
  9770 | D:10     | Lost mutation: Your flesh is cold resistant. (rC+) [potion
                  | of mutation]
  9770 | D:10     | Lost mutation: You passively map a small area around you.
                  | [potion of mutation]
  9770 | D:10     | Gained mutation: You expend magic power (3 MP) to
                  | strengthen your wands. [potion of mutation]
  9770 | D:10     | Gained mutation: You are resistant to electric shocks.
                  | (rElec) [potion of mutation]
  9770 | D:10     | Gained mutation: You are covered in fur. (AC +1) [potion of
                  | mutation]
  9881 | D:5      | Bought a polished scale mail for 243 gold pieces
  9881 | D:5      | Identified the +4 scale mail "Misale" {rF- rC+++ rCorr
                  | Str-3} (You bought it in a shop on level 5 of the Dungeon)
 10081 | D:11     | Reached *** piety under Hepliaklqana
 10097 | D:11     | Reached skill level 11 in Short Blades
 10551 | D:11     | Noticed a boulder beetle
 10570 | D:11     | Killed from afar by an orc priest

Illustrated notes

Levels and vault maps discovered:
D:1:      dpeg_arrival_windows_large_door, layout_loops_cross, serial_forest,
          infiniplex_forest_lined_ring, infiniplex_forest_lined_ring,
          infiniplex_forest_end_2, infiniplex_forest_clump_small
D:2:      layout_rooms, minmay_tromino_v4_c
D:3:      layout_basic, grunt_temple_overflow_champion_of_chaos,
          dreamdust_ecumenical_altar_statues, kennysheep_generic_room_13,
          uniq_natasha
D:4:      layout_loops_corners, mainiacjoe_overflow_alcove_4,
          nicolae_wu_jian_glorious_leap, nicolae_eternal_life,
          palyth_stone_intersect, minivault_26, minmay_misc_feat_columns
D:5:      minmay_clustersquares, layout_loops_ring,
          minmay_temple_entry_glassed_door, serial_shops, nicolae_stop_n_shop_2,
          corexii_hall_statues_u, grunt_ministairs_3
D:6:      layout_rooms, kennysheep_mini, fedhas_altar_3,
          nicolae_yredelemnul_corpse_copse, uniq_grinder, uniq_eustachio
D:7:      layout_basic, chequers_serial_rivers_small_3
D:8:      lemuel_insect_pit, layout_loops_ring, lair_entry_dummy, uniq_maggie
D:9:      layout_roguey, grunt_temple_overflow_open
D:10:     layout_basic, nicolae_uskayaw_en_pointe, serial_shops, shop,
          mrwooster_statue_mirror, uniq_josephine
D:11:     gammafunk_cloud_chamber, layout_small_grid
Temple:   compressed_dpeg_circular_temple

Skill      XL: |  1  2  3  4  5  6  7  8  9 10 11 |
---------------+----------------------------------+-----
Armour         | 4 5 6 7 9 10 | 10.2
Axes           | 3 4 5 |  5.8
Dodging        | 1 2 3 4 5 |  5.7
Fighting       | 4 5 6 7 8 |  8.0
Shields        | 4 5 6 |  6.4
Maces & Flails | 4 |  4.8
Short Blades   | 2 7 9 11 | 11.2
Invocations    | 3 4 5 6 |  6.3
Stealth        | 1 2 3 |  3.2
Evocations     | |  0.1

Action                   |  1- 3 |  4- 6 |  7- 9 | 10-12 || total
-------------------------+-------+-------+-------+-------++-------
Melee: War axe           |    62 |    87 |       |       ||   149
       Headbutt          |     7 |    15 |    56 |    58 ||   136
       Whip              |       |    40 |    92 |       ||   132
       Short sword       |       |       |   160 |   256 ||   416
Invok: Ancestor Life: He |       |       |       |     1 ||     1
Evoke: Wand              |       |       |     2 |       ||     2
  Use: Scroll            |     1 |     4 |    10 |     3 ||    18
       Potion            |       |     1 |     3 |     4 ||     8
 Stab: Distracted        |       |       |     1 |     5 ||     6
       Confused          |       |       |       |     3 ||     3
Armor: Scale mail        |    42 |    69 |   133 |    87 ||   331
Dodge: Dodged            |    29 |    52 |   134 |   127 ||   342
Block: Buckler           |    15 |    34 |    54 |    65 ||   168
